 Dungeon Crawl Stone Soup version 0.21.1-1-g345015f (webtiles) character file.

67 wojtek the Chopper (level 3, 0/49 HPs)
             Began as a Minotaur Fighter on July 22, 2018.
             Succumbed to a kobold's poison
             ... on level 3 of the Dungeon.
             The game lasted 00:03:04 (1358 turns).

wojtek the Chopper (Minotaur Fighter)               Turns: 1358, Time: 00:03:05

Health: 0/49       AC: 21    Str: 21    XL:     3   Next: 98%
Magic:  2/2        EV:  2    Int: 10    God:
Gold:   104        SH:  9    Dex:  9    Spells: 2/2 levels left

rFire    . . .     SeeInvis .   a - +0 war axe
rCold    . . .     Gourm    .   c - +0 shield
rNeg     + + +     Faith    .   (armour currently unavailable)
rPois    +         Spirit   .   (helmet currently unavailable)
rElec    .         Reflect  .   (cloak currently unavailable)
rCorr    .         Harm     .   (gloves currently unavailable)
MR       .....     NoTele   +   (boots currently unavailable)
Stlth    +.........             (no amulet)
HPRegen  0.16/turn              (no ring)
MPRegen  0.08/turn              (no ring)

@: brilliant, lethally poisoned (0 -> -6), tree-form
A: (retaliatory headbutt)
a: no special abilities


You were on level 3 of the Dungeon.
You were hungry.
You were a tree.
You visited 1 branch of the dungeon, and saw 3 of its levels.

You collected 104 gold pieces.

Inventory:

Hand Weapons
 a - a +0 war axe (weapon)
Armour
 b - a +0 cloak (melded)
 c - a +0 shield (worn)
 j - a +0 pair of gloves (melded)
 l - a +0 pair of boots (melded)
 t - a +0 chain mail (melded)
Scrolls
 h - 3 scrolls of remove curse {unknown}
 i - 3 scrolls of teleportation {unknown}
 m - 2 scrolls of magic mapping {unknown}
 n - a scroll of blinking {unknown}
 p - a scroll of amnesia {unknown}
 r - a scroll of noise {unknown}
 u - a scroll of random uselessness {unknown}
 v - a scroll of enchant armour {unknown}
Potions
 d - 3 potions of might
 o - a potion of lignification
 q - a potion of agility {unknown}
 s - a potion of heal wounds {unknown}
Comestibles
 f - 4 rations
 g - 2 chunks of flesh


   Skills:
 + Level 3.6 Fighting
 + Level 5.0 Axes
 + Level 3.7 Armour
 + Level 0.1 Dodging
 + Level 3.6 Shields


You had 2 spell levels left.
You didn't know any spells.

Dungeon Overview and Level Annotations

Branches:
Dungeon (3/15)

Altars:
Dithmenos
Gozag


Innate Abilities, Weirdness & Mutations

((You reflexively headbutt those who attack you in melee.))
((You have a pair of horns on your head.))


Message History

* * * LOW HITPOINT WARNING * * *
You feel sick. The worm bites you but does no damage.
You slash the worm!
The worm is severely wounded.
* * * LOW HITPOINT WARNING * * *
You feel sick. The worm bites you but does no damage.
You slash the worm!
You kill the worm!
* * * LOW HITPOINT WARNING * * *
You feel sick.
You hit the worm.
The worm is moderately wounded.
* * * LOW HITPOINT WARNING * * *
You feel sick.
It was a potion of flight.
Your roots keep you in place.
* * * LOW HITPOINT WARNING * * *
You feel sick. The worm bites you but does no damage.
It was a potion of brilliance.
You feel clever all of a sudden.
You die...

#.........#....####w#
#.........#....# #.#
#..[......#....# #.#
#...(.....#....# #w#
...?.....# #.#
........## #.#
......=.#####.#
......).w((...#
#..?.)♣#######
#.%..)..# #......?#
#......## #.(....#
######.# #.# #.#


You could see a worm.

Vanquished Creatures
  An adder (D:2)
  An ooze (D:1)
  A worm (D:3)
  8 bats
  2 giant cockroaches (D:1)
  4 goblins
  10 hobgoblins
  3 quokkas
  A ball python (D:1)
  5 frilled lizards
  6 kobolds
  5 rats
47 creatures vanquished.

Notes
Turn   | Place    | Note
-------+----------+-------------------------------------------
     0 | D:1      | wojtek the Minotaur Fighter began the quest for the Orb.
     0 | D:1      | Reached XP level 1. HP: 19/19 MP: 0/0
   109 | D:1      | Reached skill level 3 in Axes
   139 | D:1      | Reached XP level 2. HP: 24/26 MP: 1/1
   426 | D:1      | Reached skill level 4 in Axes
   904 | D:2      | Reached XP level 3. HP: 26/31 MP: 2/2
   917 | D:2      | Found a shadowy altar of Dithmenos.
   917 | D:2      | Found an opulent altar of Gozag.
  1291 | D:3      | Reached skill level 5 in Axes
  1356 | D:3      | HP: 2/49 [poisoned by a kobold]
  1358 | D:3      | Succumbed to a kobold's poison

Skill      XL: |  1  2  3 |
---------------+----------+-----
Axes           | 3 4 5 |  5.0
Fighting       | |  3.6
Armour         | |  3.7
Dodging        | |  0.1
Shields        | |  3.6

Action                   || total
-------------------------++-------
Melee: War axe           ||   123
       Headbutt          ||    13
  Use: Potion            ||     3
  Eat: Chunk             ||     1
Armor: Scale mail        ||    38
       Chain mail        ||     6
       Skin              ||     3
Dodge: Dodged            ||    42
Block: Shield            ||    73
